 Dungeon Crawl Stone Soup version 0.28-a0-1629-gf728b707aa (webtiles) character file.

Game seed: 13677858094752353453

72 Sabo the Vexing (level 4, -10/34 HPs)
             Began as a Gnoll Arcane Marksman on Jan 24, 2022.
             Was a Follower of Ru.
             Mangled by an iguana (11 damage)
             ... on level 4 of the Dungeon.
             The game lasted 00:18:53 (2357 turns).

Sabo the Vexing (Gnoll Arcane Marksman)             Turns: 2357, Time: 00:18:53

Health: -10/34     AC:  3    Str:  9    XL:     4   Next: 25%
Magic:  8/8        EV: 14    Int: 14    God:    Ru [*.....]
Gold:   50         SH:  0    Dex: 18    Spells: 8/9 levels left

rFire   . . .      SeeInvis +   f - +4 arbalest of Cacialio {freeze, Dex+5 SInv}
rCold   . . .      Faith    .   (shield currently unavailable)
rNeg    . . .      Spirit   .   d - +1 robe
rPois   .          Reflect  .   (no helmet)
rElec   .          Harm     .   (no cloak)
rCorr   .          Rampage  .   (no gloves)
Will    .....                   (no boots)
Stlth   ++........              (no amulet)
HPRegen 0.11/turn               (no ring)
MPRegen 0.11/turn               (no ring)

@: no status effects
A: fangs 1, missing an eye, strong nose, distributed training
a: Renounce Religion


You were on level 4 of the Dungeon.
You worshipped Ru.
Ru was aware of your devotion.
You visited 1 branch of the dungeon, and saw 3 of its levels.

You collected 50 gold pieces.

Inventory:

Hand Weapons
 a - a +1 hand crossbow
 f - the +4 arbalest of Cacialio (weapon) {freeze, Dex+5 SInv}
   (You acquired it on level 1 of the Dungeon)

   Any ammunition fired from it freezes those it strikes, dealing additional
   cold damage.
   It can also slow down cold-blooded creatures.
   Dex:       It affects your dexterity (+5).
   SInv:      It lets you see invisible.
 j - a +0 hand axe
Missiles
 b - 13 poisoned darts
 c - 7 bolts (quivered ammo)
Armour
 d - a +1 robe (worn)
Magical Staves
 l - a staff of cold
Scrolls
 g - a scroll of teleportation {unknown}
 i - a scroll of fog {unknown}
 k - a scroll of identify {unknown}
 o - a scroll of immolation {unknown}
Potions
 e - a potion of cancellation
 h - a potion of curing {unknown}
 m - a potion of brilliance {unknown}
 n - a potion of flight {unknown}


   Skills:
 + Level 2.7 Fighting
 + Level 1.1 Short Blades
 + Level 1.1 Long Blades
 + Level 1.1 Axes
 + Level 1.1 Maces & Flails
 + Level 1.1 Polearms
 + Level 1.1 Staves
 + Level 1.1 Slings
 + Level 1.1 Bows
 + Level 4.6 Crossbows
 + Level 1.1 Throwing
 + Level 1.1 Armour
 + Level 4.6 Dodging
 + Level 1.1 Stealth
 + Level 1.1 Shields
 + Level 1.1 Unarmed Combat
 + Level 3.0 Spellcasting
 + Level 0.8 Conjurations
 + Level 5.4 Hexes
 + Level 0.8 Summonings
 + Level 0.8 Necromancy
 + Level 0.8 Translocations
 + Level 0.8 Transmutations
 + Level 0.8 Fire Magic
 + Level 0.8 Ice Magic
 + Level 0.8 Air Magic
 + Level 0.8 Earth Magic
 + Level 0.8 Poison Magic
 + Level 1.2 Invocations
 + Level 1.1 Evocations


You had 8 spell levels left.
You knew the following spells:

 Your Spells              Type           Power      Damage    Failure   Level
a - Slow                  Hex            68%        N/A       2%          1

Your spell library contained the following spells:

 Spells                   Type           Power      Damage    Failure   Level
 Inner Flame              Hex/Fire       11%        N/A       17%         3
 Portal Projectile        Hex/Tloc       22%        N/A       17%         3
 Cause Fear               Hex            8%         N/A       22%         4


Dungeon Overview and Level Annotations

Branches:
Dungeon (2/15)

Altars:
Ru


Innate Abilities, Weirdness & Mutations

You have very sharp teeth.
You are missing an eye, making it more difficult to aim.
Your uncanny sense of smell can sniff out nearby items.
Your experience applies equally to all skills.


Message History

Fire: 12 bolts
Press: ? - help, Q - select action, (/) - cycle Shift-Dir - straight line, f - goblin
Aim: a goblin, wielding a +0 club (48% to hit)
You shoot a bolt. The bolt hits the goblin!
The bolt freezes the goblin.
You kill the goblin!
The iguana hisses angrily.
The iguana hisses menacingly.
Your Spellcasting skill increases to level 3!
Fire: 11 bolts
Press: ? - help, Q - select action, (/) - cycle Shift-Dir - straight line, f - iguana
Aim: an iguana (57% to hit)
You shoot a bolt. The bolt hits the iguana.
The bolt freezes the iguana.
The iguana is lightly wounded.
The iguana barely misses you. The iguana bites you!
The giant cockroach bites you but does no damage.
Fire: 10 bolts
Press: ? - help, Q - select action, (/) - cycle Shift-Dir - straight line, f/p - iguana
Aim: an iguana (lightly wounded, 57% to hit)
You shoot a bolt. The bolt barely misses the iguana.
The giant cockroach closely misses you.
The iguana bites you but does no damage.
The giant cockroach barely misses you. The iguana bites you!
Fire: 9 bolts
Press: ? - help, Q - select action, (/) - cycle Shift-Dir - straight line, f/p - iguana
Aim: an iguana (lightly wounded, 57% to hit)
You shoot a bolt. The bolt closely misses the iguana.
The giant cockroach barely misses you. The iguana barely misses you.
The giant cockroach barely misses you.
Unknown command.
Fire: 8 bolts
Press: ? - help, Q - select action, (/) - cycle Shift-Dir - straight line, f/p - iguana
Aim: an iguana (lightly wounded, 57% to hit)
You shoot a bolt. The bolt barely misses the iguana.
The iguana bites you!
* * * LOW HITPOINT WARNING * * *
The giant cockroach is stunned by your conviction and fails to attack.
The iguana misses you. The giant cockroach misses you.
It was a potion of cancellation.
You feel magically purged. The iguana bites you!
You die...

#....#..
#....#.
#.....#
#.....
....##
...(#
#Bl.#
#@..#
#...#
#...#
#.).#
##### ∆


You could see an iguana and a giant cockroach.

Vanquished Creatures
  2 adders (D:2)
  2 worms (D:2)
  3 dart slugs
  7 ball pythons
  A bat (D:1)
  3 endoplasms
  4 goblins
  5 hobgoblins
  3 jackals (D:1)
  2 quokkas
  2 frilled lizards (D:1)
  3 kobolds
  2 rats
39 creatures vanquished.

Notes
Turn   | Place    | Note
-------+----------+-------------------------------------------
     0 | D:1      | Sabo the Gnoll Arcane Marksman began the quest for the Orb.
     0 | D:1      | Reached XP level 1. HP: 17/17 MP: 4/4
   208 | D:1      | Reached XP level 2. HP: 23/23 MP: 3/5
  1452 | D:1      | Reached XP level 3. HP: 28/28 MP: 5/7
  1954 | D:1      | Identified a scroll of acquirement
  1954 | D:1      | Acquired the +4 arbalest of Cacialio {freeze, Dex+5 SInv}
  1963 | D:2      | Found a faded altar of an unknown god.
  1966 | D:2      | Prayed at the altar of an unknown god.
  1966 | D:2      | Became a worshipper of Ru the Awakened
  1968 | D:2      | Gained mutation: You are missing an eye, making it more
                  | difficult to aim. [Ru sacrifice]
  1968 | D:2      | Reached * piety under Ru
  2125 | D:2      | Reached skill level 1 in Invocations
  2265 | D:2      | Reached skill level 1 in Short Blades
  2265 | D:2      | Reached skill level 1 in Long Blades
  2265 | D:2      | Reached skill level 1 in Axes
  2265 | D:2      | Reached skill level 1 in Maces & Flails
  2265 | D:2      | Reached skill level 1 in Polearms
  2265 | D:2      | Reached skill level 1 in Staves
  2265 | D:2      | Reached skill level 1 in Slings
  2265 | D:2      | Reached skill level 1 in Bows
  2265 | D:2      | Reached skill level 1 in Throwing
  2265 | D:2      | Reached skill level 1 in Armour
  2265 | D:2      | Reached skill level 1 in Stealth
  2265 | D:2      | Reached skill level 1 in Shields
  2265 | D:2      | Reached skill level 1 in Unarmed Combat
  2265 | D:2      | Reached skill level 1 in Evocations
  2340 | D:2      | Reached XP level 4. HP: 34/34 MP: 8/8
  2351 | D:2      | You fall into a shaft and drop 2 floors!
  2356 | D:4      | HP: 1/34 [iguana (12)]
  2357 | D:4      | Mangled by an iguana

Illustrated notes

Levels and vault maps discovered:
D:1:      kilobyte_arrival_exit_the_forest, layout_loops_corners
D:2:      layout_loops_corners, nicolae_ecumenical_pavilion, wad_woods_river_04
D:4:      minmay_bubble_buster, layout_gridville, uniq_crazy_yiuf_cottage

Skill      XL: |  1  2  3  4 |
---------------+-------------+-----
Invocations    | 1 |  1.2
Short Blades   | 1 |  1.1
Long Blades    | 1 |  1.1
Axes           | 1 |  1.1
Maces & Flails | 1 |  1.1
Polearms       | 1 |  1.1
Staves         | 1 |  1.1
Slings         | 1 |  1.1
Bows           | 1 |  1.1
Throwing       | 1 |  1.1
Armour         | 1 |  1.1
Stealth        | 1 |  1.1
Shields        | 1 |  1.1
Unarmed Combat | 1 |  1.1
Evocations     | 1 |  1.1
Spellcasting   | 3 |  3.0
Fighting       | |  2.7
Crossbows      | |  4.6
Dodging        | |  4.6
Conjurations   | |  0.8
Hexes          | |  5.4
Summonings     | |  0.8
Necromancy     | |  0.8
Translocations | |  0.8
Transmutations | |  0.8
Fire Magic     | |  0.8
Ice Magic      | |  0.8
Air Magic      | |  0.8
Earth Magic    | |  0.8
Poison Magic   | |  0.8

Action                   |  1- 3 |  4- 6 || total
-------------------------+-------+-------++-------
 Fire: Hand crossbow     |    61 |       ||    61
       Arbalest          |    22 |     6 ||    28
 Cast: Slow              |    27 |     1 ||    28
Invok: Sacrifice an Eye  |     1 |       ||     1
  Use: Scroll            |     5 |       ||     5
       Potion            |       |     1 ||     1
Armor: Robe              |    12 |     2 ||    14
Dodge: Dodged            |    28 |     8 ||    36

Table legend: (Time is in decaauts)
 A = Elapsed time spent in this place.
 B = Non-inter-level travel time spent in this place.
 C = Inter-level travel time spent in this place.
 D = Time resting spent in this place.
 E = Time spent auto-exploring this place.
 F = Levels seen in this place.
 G = Mean time per level.
                   A        B        C        D        E       F      G
               +--------+--------+--------+--------+--------+-----+--------+
         Total |   2404 |   2404 |      0 |    719 |      0 |   3 |  801.3 |
       Dungeon |   2404 |   2404 |      0 |    719 |      0 |   3 |  801.3 |
               +--------+--------+--------+--------+--------+-----+--------+

Top non-repeatable levels by time:
     D:1: 1991 daAuts
     D:2: 403 daAuts
     D:4: 9 daAuts
